 Dungeon Crawl Stone Soup version 0.24.0-1-gfbc8707 (webtiles) character file.

Game seed: 8396722040674413783, levelgen mode: deterministic

24938 MacrostheBlack the Nimble (level 12, -24/70 HPs)
             Began as a Vampire Assassin on Oct 29, 2019.
             Was a High Priest of Kikubaaqudgha.
             Killed from afar by a war gargoyle (47 damage)
             ... with a spray of metal splinters
             ... on level 13 of the Dungeon.
             The game lasted 01:19:26 (15103 turns).

MacrostheBlack the Nimble (Vampire Assassin)       Turns: 15103, Time: 01:19:26

Health: -24/70     AC: 12    Str: 10    XL:     12   Next: 85%
Magic:  13/21      EV: 42    Int: 23    God:    Kikubaaqudgha [*****.]
Gold:   320        SH:  0    Dex: 22    Spells: 7/23 levels left

rFire    . . .     SeeInvis +   D - +4 dagger (vamp)
rCold    + + .     Gourm    .   (no shield)
rNeg     + + +     Faith    .   T - +2 leather armour of the Crown {rCorr Int+4}
rPois    ∞         Spirit   .   s - +2 helmet
rElec    .         Reflect  .   c - +0 cloak
rCorr    +         Harm     .   Y - +1 pair of gloves {Dex+3}
MR       +....                  (no boots)
Stlth    +++++++...             A - amulet of the acrobat
HPRegen  0.00/turn              r - +4 ring of intelligence
MPRegen  0.17/turn              p - +5 ring of evasion

@: acrobat, bloodless, regenerating quickly
A: no food, fangs 3, see invisible, unbreathing
a: Bat Form, Revivify, Receive Corpses, Torment, Renounce Religion


You were on level 13 of the Dungeon.
You worshipped Kikubaaqudgha.
Kikubaaqudgha was extremely pleased with you.
You were bloodless.

You visited 2 branches of the dungeon, and saw 14 of its levels.
You also visited: Sewer and Gauntlet.

You collected 679 gold pieces.
You spent 359 gold pieces at shops.

Inventory:

Hand Weapons
 v - a +1 dagger of pain
 D - a +4 vampiric dagger (weapon)
 F - a +1 scimitar of flaming
Missiles
 d - 62 poisoned darts (quivered)
 e - 33 curare-tipped darts
 o - 4 boomerangs of dispersal
 z - 230 sling bullets
Armour
 c - a +0 cloak (worn)
 s - a +2 helmet (worn)
 T - the +2 leather armour of the Crown (worn) {rCorr Int+4}
   (You found it on level 9 of the Dungeon)

   It affects your intelligence (+4).
   It provides partial protection from all sources of acid and corrosion.
 Y - a +1 pair of gloves of dexterity (worn)
Magical Staves
 b - an uncursed staff of fire
Jewellery
 n - an uncursed ring of ice
 p - a +5 ring of evasion (right hand)
 r - a +4 ring of intelligence (left hand)
 A - an amulet of the acrobat (around neck)
 K - an uncursed ring of stealth
Wands
 u - a wand of polymorph (33)
 B - a wand of clouds (5)
 E - a wand of paralysis (9)
 J - a wand of iceblast (9)
 L - a wand of disintegration (15)
 V - a wand of enslavement (7)
Scrolls
 a - 6 scrolls of identify
 k - 5 scrolls of teleportation
 l - 12 scrolls of remove curse
 q - 4 scrolls of enchant armour
 y - 5 scrolls of enchant weapon
 H - 2 scrolls of blinking
 W - a scroll of torment {unknown}
Potions
 f - a potion of magic
 g - 3 potions of agility
 h - 4 potions of heal wounds
 i - a potion of berserk rage
 j - a potion of resistance
 m - 7 potions of curing
 t - 2 potions of haste {unknown}
 w - 4 potions of flight {unknown}
 x - 3 potions of might
 C - 3 potions of brilliance
 O - a potion of cancellation {unknown}
 Q - 3 potions of degeneration {unknown}
 R - a potion of lignification {unknown}
 S - 3 potions of mutation
Miscellaneous
 G - a crystal ball of energy
 P - a lamp of fire


   Skills:
 + Level 6.0 Fighting
 - Level 10.0 Short Blades
 - Level 1.5 Throwing
 - Level 4.0 Armour
 + Level 11.9 Dodging
 + Level 11.9 Stealth
 + Level 6.0 Spellcasting
 + Level 10.4 Hexes
 + Level 9.4 Necromancy


You had 7 spell levels left.
You knew the following spells:

 Your Spells              Type           Power        Failure   Level  Hunger
a - Pain                  Necr           ####         1%          1    N/A
b - Slow                  Hex            ######..     1%          2    N/A
c - Confuse               Hex            ######..     1%          3    N/A
d - Agony                 Necr           ######..     6%          5    N/A
e - Dispel Undead         Necr           ######..     6%          5    N/A

Your spell library contained the following spells:

 Spells                   Type           Power        Failure   Level  Hunger
 Corona                   Hex            ######.      1%          1    N/A
 Corpse Rot               Necr           N/A          1%          2    N/A
 Ensorcelled Hibernation  Hex/Ice        ####..       1%          2    N/A
 Sublimation of Blood     Necr           ######....   1%          2    N/A
 Tukima's Dance           Hex            ######..     1%          3    N/A
 Animate Dead             Necr           N/A          2%          4    N/A
 Dazzling Spray           Conj/Hex       ####..       4%          3    N/A
 Regeneration             Chrm/Necr      ####......   4%          3    N/A
 Magic Dart               Conj           #...         11%         1    N/A
 Blink                    Tloc           N/A          17%         2    N/A
 Call Imp                 Summ           #.......     17%         2    N/A
 Poisonous Vapours        Pois/Air       #.....       17%         2    N/A
 Conjure Flame            Conj/Fire      #.......     32%         3    N/A
 Mephitic Cloud           Conj/Pois/Air  #.......     32%         3    N/A
 Bolt of Draining         Conj/Necr      ####......   41%         5    N/A
 Borgnjor's Vile Clutch   Necr/Erth      ####......   41%         5    N/A
 Freezing Cloud           Conj/Ice/Air   #.........   100%        6    N/A
 Ring of Flames           Chrm/Fire      #.........   100%        7    N/A

Dungeon Overview and Level Annotations

Branches:
Dungeon (13/15)            Temple (1/1) D:5            Lair (0/6) D:10
    Orc (0/2) D:11          Sewer (visited)         Gauntlet (visited)
 Vaults: D:13-14

Altars:
Elyvilon
Fedhas
Gozag
Hepliaklqana
Kikubaaqudgha
Nemelex Xobeh
Qazlal
Ru
Sif Muna
Trog
Uskayaw
Vehumet
Xom
Zin
The Shining One
Beogh

Shops:
D:4 !   D:9 ?=!


Innate Abilities, Weirdness & Mutations

You do not eat.
You do not regenerate when monsters are visible.
You are frail without blood (-20% HP).
You can heal yourself when you bite living creatures.
You are immune to poison.
You have razor-sharp teeth.
You have supernaturally acute eyesight. (SInv)
You can survive without breathing.


Message History

Casting: Confuse (safe; 1% risk of failure)
Confirm with . or Enter, or press ? or * to list all spells.
Aiming: Confuse (safe; 1% risk of failure)
Press: ? - help, Shift-Dir - straight line, f/p - war gargoyle
Aim: a war gargoyle, wielding a +2 dire flail of draining (chance to defeat MR: 12%)
The war gargoyle resists with almost no effort.
The war gargoyle hits you with a +2 dire flail of draining!
The war gargoyle launches metal splinters at you.
The spray of metal splinters misses you.
Press: ? - help, v - describe, . - travel
Here: a war gargoyle, wielding a +2 dire flail of draining (catching its breath)
The floor.
You see here a +0 mace.
The war gargoyle hits you with a +2 dire flail of draining!
You see here a +0 morningstar.
The war gargoyle launches metal splinters at you.
The spray of metal splinters hits you!!!
Ouch! That really hurt!
You die...
Kikubaaqudgha rasps: "You have failed me!
Welcome... oblivion!"

### ###.### #### #####
###.....### #..# #....
#.........# #..# #....
##$..8...## #..# #....
#........)# #..# #....
###.......##########..# #....
#.....>.......9)......# #....
###....)..#####)@.....#######....
#........)# ######.............
##...8...## #.............
#.........# #.............
###.....### ######.............
###.### #..........(....... ###
#..................
#..................
####..................


You could see a war gargoyle.

Vanquished Creatures
  A minotaur (Gauntlet)
  A hydra (D:12)
  4 two-headed ogres
  A centaur warrior (D:13)
  A soul eater (Gauntlet)
  Sonja (D:10)
  A wizard (Gauntlet)
  An ugly thing (D:10)
  A cyclops (D:13)
  Joseph (D:9)
  9 gargoyles (D:13)
  A kobold demonologist (D:9)
  An efreet (D:13)
  A troll (D:13)
  2 hornets
  4 hippogriffs
  Sigmund (D:6)
  16 yaks
  A shadow (D:13)
  2 basilisks (D:10)
  3 wyverns
  A hungry ghost (D:13)
  Edmund (D:5)
  2 water moccasins
  3 porcupines (D:10)
  2 black bears
  4 sky beasts
  Duvessa (D:4)
  4 orc warriors
  A small abomination (Gauntlet)
  7 ogres
  A phantom (D:6)
  A necrophage (D:11)
  18 centaurs
  A crocodile (D:10)
  18 big kobolds
  4 bullfrogs
  Dowan (D:4)
  A wyvern zombie (D:11)
  3 scorpions
  6 killer bees
  11 wights
  2 howler monkeys
  3 crimson imps
  2 bullfrog zombies
  3 centaur zombies
  2 jellies
  2 quasits
  2 centaur skeletons
  6 hounds
  13 orc priests
  A gnoll shaman (D:7)
  5 bullfrog skeletons
  4 iguanas
  Ijyb (D:5)
  23 orc wizards
  16 worker ants
  A hound skeleton (D:4)
  9 gnolls
  7 adders
  A howler monkey skeleton (D:7)
  8 shadow imps
  4 adder skeletons
  2 worms (D:4)
  2 dart slugs
  6 leopard geckos
  53 orcs
  2 ball pythons
  8 bats
  5 giant cockroaches
  5 goblins
  5 hobgoblins
  12 jackals
  22 kobolds
  9 quokkas
  8 frilled lizards
  A giant cockroach zombie (D:4)
  A jackal skeleton (D:4)
  10 rats
411 creatures vanquished.

Vanquished Creatures (others)
  A crimson imp (D:13)
  4 bushes (D:10)
  6 fungi (D:10)
  15 plants (D:10)
26 creatures vanquished.

Grand Total: 437 creatures vanquished

Notes
Turn   | Place    | Note
-------+----------+-------------------------------------------
     0 | D:1      | MacrostheBlack the Vampire Assassin began the quest for the
                  | Orb.
     0 | D:1      | Reached XP level 1. HP: 16/16 MP: 1/1
   119 | D:1      | Reached XP level 2. HP: 17/17 MP: 2/2
   137 | D:1      | Found a sparkling altar of Nemelex Xobeh.
   749 | D:2      | Reached XP level 3. HP: 21/21 MP: 3/3
  1886 | D:3      | Reached XP level 4. HP: 26/26 MP: 4/4
  2733 | D:3      | Found a bloodstained altar of Trog.
  2805 | D:4      | Reached skill level 5 in Short Blades
  2805 | D:4      | Reached XP level 5. HP: 30/30 MP: 5/5
  3094 | D:4      | Reached XP level 6. HP: 35/35 MP: 6/6
  3268 | D:4      | Reached XP level 7. HP: 39/39 MP: 7/7
  3356 | D:4      | Reached skill level 5 in Dodging
  3376 | D:4      | Found Zunwugit's Distillery.
  3379 | D:4      | Bought a potion of curing for 30 gold pieces
  3379 | D:4      | Bought a potion of heal wounds for 50 gold pieces
  3569 | D:4      | Noticed Duvessa
  3569 | D:4      | Noticed Dowan
  3572 | D:4      | Killed Duvessa
  3592 | D:4      | Killed Dowan
  3845 | D:5      | Entered Level 5 of the Dungeon
  3906 | D:5      | Found a staircase to the Ecumenical Temple.
  3918 | Temple   | Entered the Ecumenical Temple
  3946 | Temple   | Became a worshipper of Kikubaaqudgha
  3975 | D:5      | Got a dazzling trident
  4112 | D:5      | Reached XP level 8. HP: 40/44 MP: 8/8
  4149 | D:5      | Found a glowing drain.
  4161 | Sewer    | Entered a sewer
  4286 | Sewer    | Found a glowing silver altar of Zin.
  4750 | D:5      | Noticed Edmund
  4808 | D:5      | Killed Edmund
  4941 | D:5      | Noticed Ijyb
  4948 | D:5      | Killed Ijyb
  5323 | D:6      | Reached * piety under Kikubaaqudgha
  5323 | D:6      | Identified Kikubaaqudgha's Grimoire of Black Rituals
                  | (Kikubaaqudgha gifted it to you on level 6 of the Dungeon)
  5323 | D:6      | Received a gift from Kikubaaqudgha
  5426 | D:6      | Reached skill level 10 in Short Blades
  5741 | D:6      | Noticed Sigmund
  5749 | D:6      | Killed Sigmund
  5749 | D:6      | Reached XP level 9. HP: 48/48 MP: 9/9
  5915 | D:6      | Found a hazy altar of Hepliaklqana.
  6084 | D:6      | Found an opulent altar of Gozag.
  6084 | D:6      | Found a glowing silver altar of Zin.
  6193 | D:6      | Reached skill level 1 in Necromancy
  6370 | D:7      | Reached ** piety under Kikubaaqudgha
  6875 | D:7      | Found a shimmering blue altar of Sif Muna.
  6911 | D:7      | Learned a level 1 spell: Pain
  6949 | D:7      | Got a translucent war axe
  7901 | D:8      | Reached skill level 10 in Dodging
  8127 | D:8      | Learned a level 2 spell: Slow
  8191 | D:9      | Found Mibeampo's Jewellery Shop.
  8214 | D:9      | Found Vaena's Distillery.
  8217 | D:9      | Bought a potion of resistance for 130 gold pieces
  8217 | D:9      | Bought a potion of brilliance for 52 gold pieces
  8217 | D:9      | Bought a potion of might for 52 gold pieces
  8251 | D:9      | Got a fine lead ring
  8259 | D:9      | Noticed a kobold demonologist
  8261 | D:9      | Killed a kobold demonologist
  8261 | D:9      | Reached skill level 1 in Spellcasting
  8261 | D:9      | Reached skill level 1 in Hexes
  8261 | D:9      | Reached XP level 10. HP: 53/53 MP: 11/11
  8296 | D:9      | Reached skill level 5 in Necromancy
  8319 | D:9      | Reached *** piety under Kikubaaqudgha
  8319 | D:9      | Identified Kikubaaqudgha's Guide on Black Magic
                  | (Kikubaaqudgha gifted it to you on level 9 of the Dungeon)
  8319 | D:9      | Received a gift from Kikubaaqudgha
  8446 | D:9      | Reached skill level 10 in Stealth
  8552 | D:9      | Found Ujysm's Magic Scroll Shop.
  8560 | D:9      | Bought a scroll of magic mapping for 45 gold pieces
  8561 | D:9      | Identified the ring "Xypsiar" {rF- MP+9 Int+3 SInv} (You
                  | found it on level 9 of the Dungeon)
  8770 | D:9      | Got a pitted leather armour
  8881 | D:9      | Found a flagged portal.
  8951 | D:9      | Noticed Joseph
  8990 | D:9      | Killed Joseph
  8990 | D:9      | Reached skill level 5 in Hexes
  9110 | D:10     | Entered Level 10 of the Dungeon
  9141 | D:10     | Learned a level 3 spell: Confuse
  9463 | D:10     | Noticed a two-headed ogre
  9477 | D:10     | Killed a two-headed ogre
  9477 | D:10     | Reached skill level 1 in Armour
  9538 | D:10     | Noticed Sonja
  9541 | D:10     | Killed Sonja
  9605 | D:10     | Reached XP level 11. HP: 38/59 MP: 9/17
  9882 | D:10     | Found a staircase to the Lair.
  9904 | D:10     | Noticed a two-headed ogre
 10130 | D:10     | Reached **** piety under Kikubaaqudgha
 10144 | D:10     | Noticed a two-headed ogre
 10155 | D:10     | Killed a two-headed ogre
 10804 | D:10     | Identified the +2 leather armour of the Crown {rCorr Int+4}
                  | (You found it on level 9 of the Dungeon)
 10856 | D:10     | Killed a two-headed ogre
 11219 | D:11     | Found a staircase to the Orcish Mines.
 11321 | D:11     | Noticed a brown ugly thing
 11450 | D:12     | Found a gate leading to a gauntlet.
 11460 | Gauntlet | Entered a Gauntlet
 11460 | Gauntlet | Found a transporter.
 11460 | Gauntlet | Found a transporter.
 11460 | Gauntlet | Found a transporter.
 11461 | Gauntlet | Noticed a wizard
 11470 | Gauntlet | Found a transporter.
 11473 | Gauntlet | Found a transporter.
 11477 | Gauntlet | Found a runed translucent door.
 11478 | Gauntlet | Noticed a soul eater
 11479 | Gauntlet | Found a runed translucent door.
 11481 | Gauntlet | Found a transporter.
 11484 | Gauntlet | Found a transporter.
 11486 | Gauntlet | Noticed a wretched star
 11501 | Gauntlet | Found a transporter.
 11506 | Gauntlet | Noticed a reaper
 11507 | Gauntlet | Found a transporter.
 11529 | Gauntlet | Found a transporter.
 11530 | Gauntlet | Found a transporter.
 11531 | Gauntlet | Noticed a tengu warrior
 11542 | Gauntlet | Found a transporter.
 11669 | Gauntlet | Killed a wizard
 11694 | Gauntlet | Reached ***** piety under Kikubaaqudgha
 11729 | Gauntlet | Killed a soul eater
 11966 | Gauntlet | Noticed a minotaur
 11977 | Gauntlet | Killed a minotaur
 12067 | D:12     | Noticed a four-headed hydra
 12074 | D:12     | Killed a four-headed hydra
 12081 | D:12     | Learned a level 5 spell: Agony
 12087 | D:12     | Learned a level 5 spell: Dispel Undead
 12625 | D:10     | Reached XP level 12. HP: 67/67 MP: 13/17
 13214 | D:11     | Reached skill level 5 in Fighting
 13257 | D:11     | Found a roughly hewn altar of Beogh.
 13258 | D:11     | Reached skill level 5 in Spellcasting
 13820 | D:13     | Noticed a war gargoyle
 14102 | D:13     | Noticed a two-headed ogre
 14139 | D:13     | Killed a two-headed ogre
 14225 | D:13     | Noticed a centaur warrior
 14227 | D:13     | Killed a centaur warrior
 14229 | D:13     | Reached skill level 10 in Hexes
 14523 | D:13     | Found a white marble altar of Elyvilon.
 15103 | D:13     | Killed from afar by a war gargoyle

Levels and vault maps discovered:
D:1:      wander_arrival_lonely_grave, layout_basic, minmay_crystal_room,
          nemelex_diamond_rough_becter
D:2:      layout_loops_ring, minmay_tromino_v7
D:3:      layout_rooms, lemuel_round_altar, first_ration, corexii_corridor_pit
D:4:      layout_loops_cross, serial_shops, kennysheep_mini,
          minmay_joined_circles, uniq_duvessa
D:5:      layout_basic, minmay_temple_entry_drinking_statues,
          portal_sewer_entry_f, kennysheep_cross_room, uniq_ijyb, uniq_edmund
D:6:      layout_cave_pods, grunt_temple_overflow_gold_and_silver, basic_altar,
          uniq_sigmund
D:7:      layout_loops_ring, led_sif_book
D:8:      layout_basic, grunt_ogre_cave
D:9:      layout_roguey [special_room_kobold], serial_shops, nicolae_shop_stone,
          nicolae_shop_stone, nicolae_shop_window_shopping, enter_bailey_8,
          kennysheep_generic_room_4, uniq_joseph
D:10:     layout_grid_maze, minmay_lair_entry_grove, uniq_sonja
D:11:     layout_gridville, minmay_orc_entry_temple_small
D:12:     layout_big_octagon, gauntlet_entry_generic
D:13:     gargoyle_guard, layout_small_grid, basic_altar,
          kennysheep_cross_bottleneck, minmay_between
Temple:   regret_index_temple_mists

Skill      XL: |  1  2  3  4  5  6  7  8  9 10 11 12 |
---------------+-------------------------------------+-----
Short Blades   | 3 4 5 7 8 10 | 10.0
Dodging        | 2 3 4 5 8 10 11 | 11.9
Stealth        | 9 10 11 | 11.9
Necromancy     | 4 6 8 9 |  9.4
Spellcasting   | 1 4 6 |  6.0
Hexes          | 1 6 8 10 | 10.4
Fighting       | 2 4 6 |  6.0
Armour         | 1 3 4 |  4.0
Throwing       | |  1.5

Action                   |  1- 3 |  4- 6 |  7- 9 | 10-12 || total
-------------------------+-------+-------+-------+-------++-------
Melee: Dagger            |   145 |   209 |   713 |  1083 ||  2150
       Bite              |    11 |    23 |    78 |   115 ||   227
Throw: Dart              |       |     2 |    22 |     3 ||    27
 Cast: Confuse           |       |       |       |   135 ||   135
       Slow              |       |       |       |     3 ||     3
 Abil: Exsanguinate      |     1 |       |       |       ||     1
       End Transformatio |     1 |       |     1 |       ||     2
       Bat Form          |     1 |       |     1 |       ||     2
  Use: Scroll            |       |     2 |    12 |     7 ||    21
       Potion            |       |       |     2 |     4 ||     6
 Stab: Sleeping          |    20 |    10 |    40 |    32 ||   102
       Distracted        |       |       |     2 |     3 ||     5
       Invisible         |       |       |     1 |       ||     1
       Confused          |       |       |       |    80 ||    80
Armor: Robe              |    21 |    38 |    43 |    42 ||   144
       Leather armour    |       |       |       |    59 ||    59
Dodge: Dodged            |   116 |   173 |   389 |   853 ||  1531
